 Dungeon Crawl Stone Soup version 0.23.0-28-g6fe0f4d (webtiles) character file.

Game seed: 3226238609791621621

2797 Borgoz the Grappler (level 9, 0/74 (75) HPs)
             Began as a Ghoul Warper on Feb 25, 2019.
             Slain by an orc warrior
             ... wielding a +0 dire flail
              (5 damage)
             ... on level 8 of the Dungeon.
             The game lasted 00:21:50 (6622 turns).

Borgoz the Grappler (Ghoul Warper)                  Turns: 6622, Time: 00:21:51

HP:   0/74 (75)     AC:  9    Str: 15    XL:     9   Next: 71%
MP:   11/11         EV: 13    Int:  9    God:
Gold: 366           SH:  0    Dex: 10    Spells: 10/12 levels left

rFire    . . .     SeeInvis .     - Unarmed
rCold    + . .     Gourm    .   (no shield)
rNeg     + + +     Faith    .   k - +0 ring mail
rPois    ∞         Spirit   .   q - +0 helmet
rElec    .         Reflect  .   (no cloak)
rCorr    +         Harm     .   (no gloves)
MR       .....                  h - +1 pair of boots
Stlth    ..........             b - amulet of the acrobat
HPRegen  0.00/turn              n - ring of resist corrosion
MPRegen  0.12/turn              (no ring)

@: rotting, studying Bows
A: rotting body, claws 1, carnivore, cold resistance 1, negative energy
resistance 3, inhibited regeneration, torment resistance, unbreathing
a: no special abilities


You were on level 8 of the Dungeon.
You were not hungry.

You visited 1 branch of the dungeon, and saw 9 of its levels.
You also visited: Sewer and Ossuary.

You collected 366 gold pieces.

Inventory:

Missiles
 d - 5 tomahawks of dispersal
 e - 2 throwing nets
 i - 6 tomahawks (quivered)
Armour
 h - a +1 pair of boots (worn)
 k - a +0 ring mail (worn)
 q - a +0 helmet (worn)
Jewellery
 b - an amulet of the acrobat (around neck)
 n - a ring of resist corrosion (left claw)
Scrolls
 c - 2 scrolls of blinking
 j - a scroll of teleportation
 m - 2 scrolls of amnesia
 r - 3 scrolls of remove curse
 u - 2 scrolls of fog
Potions
 o - a potion of resistance
 p - 3 potions of brilliance
Books
 l - a manual of Bows
Comestibles
 f - 10 rations


   Skills:
 + Level 6.1 Fighting
 - Level 0.8 Throwing
 + Level 4.7 Armour
 * Level 7.1 Dodging
 * Level 8.4 Unarmed Combat
 + Level 2.0 Spellcasting
 + Level 3.0 Translocations


You had 10 spell levels left.
You knew the following spells:

 Your Spells              Type           Power        Failure   Level  Hunger
a - Blink                 Tloc           N/A          26%         2    ###....

Your spell library contained the following spells:

 Spells                   Type           Power        Failure   Level  Hunger
 Shroud of Golubria       Chrm/Tloc      #.........   45%         2    ###....
 Gell's Gravitas          Tloc           #.........   47%         3    ####...
 Lesser Beckoning         Tloc           #.........   47%         3    ####...
 Teleport Other           Tloc           #.......     47%         3    ####...
 Flame Tongue             Conj/Fire      #....        52%         1    ##.....
 Throw Flame              Conj/Fire      #.....       67%         2    ###....
 Passage of Golubria      Tloc           N/A          87%         4    #####..
 Conjure Flame            Conj/Fire      #.......     88%         3    ####...
 Inner Flame              Hex/Fire       #.......     88%         3    ####...
 Sticky Flame             Conj/Fire      #.......     99%         4    #####..
 Fireball                 Conj/Fire      #.........   100%        5    ######.


Dungeon Overview and Level Annotations

Branches:
Dungeon (9/15)
 Temple: D:4-7         Lair: D:8-11         Orc: D:9-12

Altars:
Dithmenos
Elyvilon
Nemelex Xobeh
Qazlal
Ru
Uskayaw
Wu Jian
Xom
Zin
The Shining One

Shops:
D:6 *:

Annotations:
D:9 Harold


Innate Abilities, Weirdness & Mutations

Your body is rotting away.
You thrive on raw meat.
You are immune to poison.
You have sharp fingernails.
You are carnivorous and can eat meat at any time.
Your flesh is cold resistant. (rC+)
You are immune to negative energy. (rN+++)
You do not regenerate when monsters are visible.
You are immune to unholy pain and torment.
You can survive without breathing.


Message History

The bullfrog is severely wounded.
The bullfrog hits you but does no damage.
You scratch the bullfrog.
The bullfrog is almost dead.
The bullfrog hits you.
* * * LOW HITPOINT WARNING * * *
The bullfrog hits you.
* * * LOW HITPOINT WARNING * * *
You scratch the bullfrog.
The bullfrog is almost dead.
The bullfrog barely misses you.
You scratch the bullfrog.
You kill the bullfrog!
Your Translocations skill increases to level 3!
Okay, then.
You aren't carrying any items that you can evoke.
You see here a bullfrog corpse.
You butcher the bullfrog corpse.
The orc warrior hits you with a +0 dire flail.
You die...

,,,,,,,............$...8_.##.J..#
,,,,,,,................_.,*#....#
,,,,,,,..................,*#....#
,,,,,,,..................**#....#
,,,,,,,...$..............* *,,,,*
***,,,,............#.####* *,,,,*
*,,,,.....##.#####,* ******
*,,,,....,*#5#####,*
*,,,,..,,,*#.o@..#,*
*,,,,,,,,,*####.##,* ***********
#.#*,******* #.#*,,,,,,,*
#.#*******,* #..,,,,,,,,*
###*********


You could see an orc warrior and a quasit.

Vanquished Creatures
  The ghost of MalarOregon the Ducker, a novice MfSu of Gozag (D:6)
  2 phantoms (D:4)
  3 ogres
  Blork the orc (D:6)
  4 big kobolds (Sewer)
  4 bullfrogs
  2 water moccasin zombies (Ossuary)
  A scorpion (D:4)
  A howler monkey (D:4)
  A crimson imp (D:6)
  2 centaur zombies (D:5)
  A hound (D:5)
  3 jellies
  2 bullfrog skeletons
  2 centaur skeletons
  An orc priest (D:2)
  3 orc wizards
  3 iguanas
  4 worker ants
  4 big kobold zombies (Ossuary)
  2 mummies (Ossuary)
  7 gnolls
  13 adders
  3 river rats (Sewer)
  2 shadow imps
  3 oozes
  6 adder zombies (Ossuary)
  13 worms
  5 dart slugs
  5 leopard geckos
  11 orcs
  4 ball pythons
  9 bats
  4 giant cockroaches
  14 goblins
  5 hobgoblins
  5 jackals
  8 quokkas
  5 frilled lizards
  5 gnoll zombies (Ossuary)
  3 hobgoblin zombies (Ossuary)
  A jackal skeleton (D:4)
  15 kobolds
  3 kobold zombies (Ossuary)
  2 leopard gecko skeletons
  3 orc zombies (Ossuary)
  18 rats
219 creatures vanquished.

Vanquished Creatures (others)
  A quokka (D:9)
1 creature vanquished.

Grand Total: 220 creatures vanquished

Notes
Turn   | Place    | Note
-------+----------+-------------------------------------------
     0 | D:1      | Borgoz the Ghoul Warper began the quest for the Orb.
     0 | D:1      | Reached XP level 1. HP: 17/17 MP: 2/2
    50 | D:1      | Reached skill level 1 in Armour
   181 | D:1      | Reached XP level 2. HP: 19/24 MP: 3/3
   478 | D:1      | Reached XP level 3. HP: 29/30 MP: 4/4
   984 | D:1      | Reached skill level 3 in Unarmed Combat
  1024 | D:1      | Reached XP level 4. HP: 19/36 MP: 5/5
  1147 | D:2      | You fall through a shaft!
  1443 | D:2      | Reached XP level 5. HP: 34/44 MP: 6/6
  1949 | D:3      | Reached skill level 4 in Unarmed Combat
  1975 | D:3      | Reached XP level 6. HP: 28/51 MP: 7/7
  2276 | D:3      | Found a hide-covered altar of Uskayaw.
  2732 | D:4      | Found an ornate altar of the Wu Jian Council.
  2744 | D:4      | Learned a level 2 spell: Blink
  2924 | D:4      | Noticed a phantom
  2960 | D:4      | Killed a phantom
  2960 | D:4      | Reached skill level 5 in Unarmed Combat
  2960 | D:4      | Reached XP level 7. HP: 29/58 MP: 8/8
  3084 | D:4      | Found a sparkling altar of Nemelex Xobeh.
  3105 | D:4      | Found a glowing golden altar of the Shining One.
  3311 | D:5      | Entered Level 5 of the Dungeon
  3338 | D:5      | Found a stormy altar of Qazlal.
  3349 | D:5      | Reached XP level 8. HP: 67/67 MP: 9/9
  3369 | D:5      | Found a sand-covered staircase.
  3395 | Ossuary  | Entered an ossuary
  3453 | Ossuary  | Reached skill level 5 in Dodging
  3475 | Ossuary  | Reached skill level 6 in Unarmed Combat
  3932 | D:5      | Found a shadowy altar of Dithmenos.
  4140 | D:5      | Reached skill level 5 in Fighting
  4572 | D:6      | Found Qayz's Book Shoppe.
  4596 | D:6      | Found a glowing drain.
  4628 | D:6      | Reached skill level 7 in Unarmed Combat
  4650 | Sewer    | Entered a sewer
  4852 | Sewer    | Reached XP level 9. HP: 68/74 MP: 10/10
  5313 | D:6      | Noticed Blork the orc
  5327 | D:6      | Killed Blork the orc
  5370 | D:6      | Noticed a cyclops
  5527 | D:6      | Found Heseamy's General Store.
  5552 | D:6      | Found a runed translucent door.
  5556 | D:6      | Noticed MalarOregon's ghost (novice MfSu)
  5583 | D:6      | Killed MalarOregon's ghost
  5583 | D:6      | Reached skill level 8 in Unarmed Combat
  6433 | D:9      | Noticed Harold
  6484 | D:9      | Noticed a two-headed ogre
  6496 | D:9      | Found a sacrificial altar of Ru.
  6504 | D:9      | Noticed a two-headed ogre
  6541 | D:8      | Found a shimmering altar of Xom.
  6541 | D:8      | Found a white marble altar of Elyvilon.
  6541 | D:8      | Found a glowing silver altar of Zin.
  6622 | D:8      | Slain by an orc warrior

Skill      XL: |  1  2  3  4  5  6  7  8  9 |
---------------+----------------------------+-----
Armour         | 1 2 3 4 |  4.7
Dodging        | 2 3 4 6 7 |  7.1
Unarmed Combat | 3 4 5 7 8 |  8.4
Fighting       | 3 4 5 6 |  6.1
Spellcasting   | 2 |  2.0
Translocations | 3 |  3.0
Throwing       | |  0.8

Action                   |  1- 3 |  4- 6 |  7- 9 || total
-------------------------+-------+-------+-------++-------
Melee: Unarmed           |   120 |   332 |   643 ||  1095
       Punch             |       |     4 |    14 ||    18
Throw: Tomahawk          |       |     8 |    11 ||    19
  Use: Scroll            |       |    12 |    19 ||    31
       Potion            |       |     1 |     7 ||     8
  Eat: Chunk             |     5 |    32 |    33 ||    70
Armor: Leather armour    |    23 |       |       ||    23
       Ring mail         |    14 |   122 |   185 ||   321
Dodge: Dodged            |    74 |   184 |   409 ||   667
